Cogmind - Beta 15 @@@ ROGUE MODE // 2025.05.10 @ 23:44:45 Player: Skysub Result: Destroyed by Autobeam Turret with Autobeam Performance ------------- Evolutions (0) 0 Regions Visited (2) 400 Robots Destroyed (27) 135 Value Destroyed (400) 400 Prototype IDs (11) 220 Alien Tech Used (0) 0 Bonus (0) 0 TOTAL SCORE: 1155 Bonus ------- None Cogmind --------- Core Integrity 0/250 Matter 203/300 Energy 125/125 System Corruption 4% Temperature Cool (6) Movement Flying (37) Location -10/Subcaves Parts ------- > --- POWER (1) -------- Light Ion Engine > --- PROPULSION (2) --- Flight Unit Flight Unit > --- UTILITY (2) ------ Structural Scanner > --- WEAPON (2) ------- Light Assault Rifle Battle Rifle > --- INVENTORY (5) ---- Arachnoskeleton Subdweller Monowheel Huge Storage Unit Peak State ------------ > --- POWER ------------ Ion Engine > --- PROPULSION ------- Wheel Wheel > --- UTILITY ---------- Huge Storage Unit Improved Terrain Scanner > --- WEAPON ----------- EM Pulse Gun Light Assault Rifle > --- INVENTORY -------- Light Ion Engine Light Treads Light Treads Aluminum Leg Flight Unit Flight Unit Medium Matter Pod Sensor Array Tractor Beam Mining Laser [Rating: 10] Favorites ----------- Power Light Ion Engine Engine Light Ion Engine Power Core Light Nuclear Core Propulsion Compact Wheel Treads Light Treads Wheel Compact Wheel Flight Unit Flight Unit Utility Huge Storage Unit Device Structural Scanner Storage Huge Storage Unit Weapon Light Assault Rifle Energy Gun EM Pulse Gun Ballistic Gun Light Assault Rifle Special Weapon Mining Laser Build | -11 -10 -10 ------- Run | Yrd Mat Sub Slots Evolved . | . . . Power . | . . . Propulsion . | . . . Utility . | . . . Weapon . | . . . Parts Attached 30 | 7 13 10 Power 5 | 1 2 2 Engine 4 | 1 1 2 Core 1 | . 1 . Reactor . | . . . Propulsion 11 | 2 4 5 Treads 2 | . 2 . Leg . | . . . Wheel 4 | 2 2 . Hover . | . . . Flight 5 | . . 5 Utility 5 | 2 2 1 Device 3 | 1 1 1 Storage 2 | 1 1 . Processor . | . . . Hackware . | . . . Protection . | . . . Artifact . | . . . Weapon 9 | 2 5 2 Energy Gun 2 | 1 1 . Energy Cannon . | . . . Ballistic Gun 6 | 1 3 2 Ballistic Cannon . | . . . Launcher . | . . . Special Weapon 1 | . 1 . Impact Weapon . | . . . Slashing Weapon . | . . . Piercing Weapon . | . . . Special Melee Weapon . | . . . Unidentified Prototypes . | . . . Parts Lost 9 | . 7 2 Power 2 | . 2 . Propulsion 2 | . 2 . Utility 2 | . 1 1 Weapon 3 | . 2 1 Highest Loss Streak 5 | . 5 2 To Critical Strikes . | . . . Average Backups 9 | 3 12 5 Power . | . 1 . Propulsion 4 | 2 5 2 Utility 2 | . 3 2 Weapon 1 | . 2 . Tool/Special . | . . . Unused Backups 15 | 1 . 14 Power 1 | . . 1 Propulsion 7 | 1 . 6 Utility 4 | . . 4 Weapon 1 | . . 1 Tool/Special 2 | . . 2 Average Slot Usage (%) 89 | . 86 96 Engine 10 | . 9 13 Core 1 | . 2 . Treads 2 | . 3 . Wheel 18 | . 24 4 Flight 7 | . . 23 Device 10 | . 5 24 Storage 10 | . 14 2 Energy Gun 6 | . 8 . Ballistic Gun 14 | . 14 14 Special Weapon 5 | . 2 12 Peak Build Rating 10 | 9 10 10 Average Rating 7 | 6 8 8 On Entrance 6 | . 9 9 Naked Turns . | . . . Heaviest Build 89 | 14 89 86 Greatest Support 40 | 20 40 32 Greatest Overweight (x) 5 | . 5 2 Average Overweight (x) 1 | . 2 . Largest Inventory Capacity 25 | 8 25 25 Average Capacity 17 | 7 23 7 Most Carried 19 | 6 17 19 Average Carried 10 | 3 12 6 Final Capacity 25 | 8 25 5 Final Carried 17 | 5 17 5 Class Distribution -------------------- 98% | Mutant Dominant Class ---------------- Mutant | -10/Materials Mutant | -10/Subcaves Resources | -11 -10 -10 ----------- Run | Yrd Mat Sub Matter Collected 699 | 291 313 95 Remotely . | . . . Salvage Created 808 | 167 620 21 Parts 62 | 16 41 5 Haulers Intercepted 2 | . 2 . Recyclers Shooed . | . . . Parts Field Recycled . | . . . Retrieved Matter . | . . . Parts Self-Destructed 2 | . . 2 Prevented . | . . . Kills | -11 -10 -10 ------- Run | Yrd Mat Sub Combat Hostiles Destroyed 15 | . 13 2 Guns 15 | . 13 2 Classes Destroyed 7 | 2 5 . Worker 2 | . 2 . Tunneler 5 | 5 . . Hauler 2 | . 2 . Recycler 2 | 1 1 . Operator 1 | . 1 . Swarmer 8 | . 6 2 Grunt 7 | . 7 . Best Kill Streak 4 | 2 4 2 Combat Bots Only 4 | . 4 2 Max Kills in Single Turn 1 | 1 1 1 Gunslinging . | . . . Exploded . | . . . Melee . | . . . Uniques/NPCs Destroyed . | . . . Combat | -11 -10 -10 -------- Run | Yrd Mat Sub Hostile Shots Fired 143 | . 121 22 Missed 45 | . 33 12 Hits 98 | . 88 10 Projectile 98 | . 88 10 Critical Strikes 2 | . 1 1 Damage Taken 1027 | . 863 164 Core 255 | . 240 15 Absorbed by Shields . | . . . Core Remaining (%) 100 | 100 . . Volleys Fired 142 | 21 101 20 Largest 2 | 2 2 1 Hottest 100 | 60 100 100 Shots Fired 201 | 36 144 21 Gun 179 | 36 138 5 Cannon . | . . . Launcher . | . . . Special 22 | . 6 16 Kinetic 135 | 21 109 5 Thermal 51 | . 35 16 Explosive . | . . . Electromagnetic 15 | 15 . . Robot Hit Streak 10 | 7 10 1 Robot Miss Streak 4 | 3 4 1 Penetration Max . | . . . Secondary Targets 2 | . 2 . Max Gunslinging Chain 1 | . 1 . Shots Hit Robots 116 | 25 89 2 Core Hits 51 | 10 39 2 Critical Kills 1 | . 1 . Critical Parts Destroyed 1 | . 1 . Critical Strikes 3 | 1 2 . Destroy 2 | . 2 . Corrupt 1 | 1 . . Melee Attacks . | . . . Impact . | . . . Slashing . | . . . Piercing . | . . . Sneak Attacks . | . . . Combat Hostiles . | . . . Follow-up Attacks . | . . . Damage Inflicted 1153 | 304 799 50 Guns 1123 | 274 799 50 Cannons . | . . . Explosions 30 | 30 . . Melee . | . . . Ramming . | . . . Kinetic 788 | 114 624 50 Thermal 205 | 30 175 . Explosive . | . . . Electromagnetic 160 | 160 . . Impact . | . . . Slashing . | . . . Piercing . | . . . Highest Corruption 4 | . 4 4 Average Corruption 3 | . 3 4 Corruption Purged . | . . . Corruption Blocked . | . . . Effects 32 | . 21 11 Message Errors 8 | . 3 5 Matter Fused 6 | . 3 3 Heat Flow Errors 3 | . 3 . Energy Discharges 6 | . 4 2 Parts Rejected 1 | . 1 . Data Loss (minor) 3 | . 3 . Data Loss (major) 1 | . 1 . Misfires 3 | . 2 1 Alerts 1 | . 1 . Overload Shots . | . . . Overflow Damage . | . . . Projectiles . | . . . Explosions . | . . . Melee . | . . . Knockbacks . | . . . Impact . | . . . Kinetic . | . . . Secondary . | . . . Self-Inflicted Damage . | . . . Shots . | . . . Rammed . | . . . Targets Rammed . | . . . Kicked . | . . . Crushed . | . . . Highest Temperature 274 | 80 274 257 Average Temperature 45 | 40 42 134 Received Heat Transfer 661 | . 342 319 Siege Activations . | . . . Martial Activations . | . . . Shielding Activations . | . . . Robots Disrupted . | . . . Combat Hostiles . | . . . Robots Corrupted . | . . . Combat Hostiles . | . . . Parts Fried 1 | 1 . . Impact Corruptions . | . . . Robots Melted . | . . . Combat Hostiles . | . . . Parts Melted . | . . . Heat Transferred 450 | 50 400 . Parts Sabotaged . | . . . Parts Stolen . | . . . Parts Stripped . | . . . Power Chain Reactions 1 | 1 . . Alert | -11 -10 -10 ------- Run | Yrd Mat Sub Maximum Alert Level . | . . . Low Security (%) 100 | 100 100 . Level 1 . | . . . Level 2 . | . . . Level 3 . | . . . Level 4 . | . . . Level 5 . | . . . High Security . | . . . Max Security . | . . . Peak Influence 155 | 10 155 . Initial . | . . . Average 60 | . 71 . Influence Increases 526 | 30 456 40 Destroy 0b10 Robot/C 300 | . 260 40 Destroy 0b10 Robot/NC 60 | 30 30 . Destroy Leader 54 | . 54 . Successful Hack 31 | . 31 . Destroy Structure 6 | . 6 . Lose Combat Pursuer 75 | . 75 . Influence Decreases 502 | 30 434 38 Entered New Map 11 | . . 11 Time Decay 421 | 30 364 27 Lost Part 70 | . 70 . Squads Dispatched 3 | . 3 . Investigation 1 | . 1 . Extermination . | . . . Reinforcement 2 | . 2 . Assault . | . . . Garrison . | . . . Intercept . | . . . Searches Triggered . | . . . Construction Impeded . | . . . Haulers Reinforced . | . . . Active Scanning Responses . | . . . Cargo Convoy Interrupts . | . . . Stealth | -11 -10 -10 --------- Run | Yrd Mat Sub Distress Signals . | . . . Communications Jammed . | . . . Distress Signals . | . . . Times Spotted 52 | . 36 16 Peak Tracking Total 6 | . 6 6 Tactical Retreats 7 | . 3 4 Traps | -11 -10 -10 ------- Run | Yrd Mat Sub Traps Triggered 3 | . 3 . Indirectly . | . . . Trap Hack Attempts . | . . . Triggered . | . . . Disarmed . | . . . Reprogrammed . | . . . Reused . | . . . Traps Extracted . | . . . Installed . | . . . Triggered . | . . . Machines | -11 -10 -10 ---------- Run | Yrd Mat Sub Machines Disabled 1 | . . 1 Max in Single Turn 1 | . . 1 Machines Repaired . | . . . Machines Dismantled . | . . . Machines Sabotaged . | . . . Overloaded Fab Kills . | . . . Hacking | -11 -10 -10 --------- Run | Yrd Mat Sub Machines Accessed 8 | . 7 1 Terminals 6 | . 6 . Fabricators . | . . . Repair Stations . | . . . Recycling Units 1 | . 1 . Scanalyzers . | . . . Garrison Access . | . . . Total Hacks 31 | . 22 9 Successful 21 | . 12 9 Failed 10 | . 10 . Catastrophic 3 | . 3 . Database Lockouts . | . . . Manual 9 | . 9 . Terminals 17 | . 17 . Fabricators . | . . . Repair Stations . | . . . Recycling Units 5 | . 5 . Scanalyzers . | . . . Garrison Access . | . . . Terminal Hacks 16 | . 7 9 Record 8 | . . 8 Branch Access Points 1 | . 1 . Alert Level 1 | . 1 . Locate Traps 1 | . 1 . Dispatch Records 1 | . 1 . Registered Components 1 | . 1 . Zone Layout 2 | . 2 . Proto ID Catalog 1 | . . 1 Fabricator Hacks . | . . . Repair Station Hacks . | . . . Recycling Unit Hacks 2 | . 2 . Report Inventory 1 | . 1 . Retrieve Components 1 | . 1 . Scanalyzer . | . . . Garrison Access Hacks . | . . . Unauthorized Hacks 3 | . 3 . Terminals 3 | . 3 . Botnet 3 | . 3 . Fabricators . | . . . Repair Stations . | . . . Recycling Units . | . . . Scanalyzers . | . . . Garrison Access . | . . . Data Cores Recovered . | . . . Used . | . . . Hacking Detections 6 | . 6 . Full Trace Events 2 | . 2 . Feedback Events 1 | . 1 . Corruption 1 | . 1 . Feedback Blocked . | . . . Robot Schematics Acquired . | . . . Robots Built . | . . . Authchips . | . . . Time . | . . . Total Robot Build Rating . | . . . Part Schematics Acquired . | . . . Parts Built . | . . . Authchips . | . . . Time . | . . . Total Part Build Rating . | . . . Parts Repaired . | . . . Time . | . . . Parts Recycled . | . . . Recycled Matter . | . . . Retrieved Matter . | . . . Retrieved Components 10 | . 10 . Parts Scanalyzed . | . . . Part Schematics Acquired . | . . . Parts Damaged . | . . . Bothacking | -11 -10 -10 ------------ Run | Yrd Mat Sub Used RIF Installer . | . . . Robots Hacked . | . . . Non-combat . | . . . Combat . | . . . Robot Hacks Applied . | . . . Relay Couplers Released . | . . . Fabnet Peak Effective % . | . . . Robots Rewired . | . . . Allies Hacked . | . . . Hacks Repelled . | . . . Allies | -11 -10 -10 -------- Run | Yrd Mat Sub Total Allies . | . . . Largest Group . | . . . Highest-Rated Group . | . . . Highest-Rated Ally . | . . . Total Orders . | . . . Ally Attacks . | . . . Total Damage . | . . . Kills . | . . . Allies Corrupted . | . . . Allies Melted . | . . . Intel | -11 -10 -10 ------- Run | Yrd Mat Sub Active Infowar (turns) 1137 | 16 514 607 Sensors 444 | . . 444 Terrain 443 | 16 427 . Structural 694 | . 87 607 Robot Analysis Total . | . . . Derelict Logs Recovered 1 | . . 1 Drone Launches . | . . . Drone Recoveries . | . . . Exploration | -11 -10 -10 ------------- Run | Yrd Mat Sub Turns Passed 2258 | 251 1400 607 Spaces Moved 2120 | 118 823 1179 Core 3 | 3 . . Treads 12 | . 12 . Legs . | . . . Wheels 986 | 115 811 60 Hover . | . . . Flight 1119 | . . 1119 Fastest Speed 37 | 50 80 37 Average Speed 79 | 79 133 41 Slowest Speed 320 | 80 320 130 Overloaded Moves . | . . . Propulsion Burnouts . | . . . Robots Hopped . | . . . Potential Cave-ins . | . . . Cave-ins Triggered . | . . . Exploration Rate (%) 62 | 7 94 86 Regions Visited 2 Branch Regions 1 Pre-discovered Areas . | . . . Known Exits Taken . | . . . Unknown Exits Taken 2 | 1 1 . Scrap Searched 3 | . . 3 Spaces Dug 6 | . 6 . Terrain Destroyed 9 | 3 6 . Melee . | . . . Projectile 6 | . 6 . AOE 3 | 3 . . Terrain Rammed . | . . . Walls Destroyed . | . . . Machines Disabled . | . . . Actions | -11 -10 -10 --------- Run | Yrd Mat Sub Total 2474 | 240 984 1250 Wait 131 | 88 33 10 Move 2118 | 117 822 1179 Hop . | . . . Pick Up 26 | 6 13 7 Fast Attach 17 | 7 6 4 Attach 5 | . 2 3 Detach 3 | . . 3 Swap 13 | . 6 7 Drop 19 | 1 1 17 Fire 142 | 21 101 20 Melee . | . . . Ram . | . . . Kick . | . . . Crush . | . . . Escape Stasis . | . . . Rewire . | . . . Trap . | . . . Miscellaneous . | . . . Route ------- -11/Scrapyard -10/Materials (discovered 6 exits: [*Mat x3] / *Min x2 / *Sub) -10/Subcaves (discovered 2 exits: [*Mat x2]) History --------- Turn | Location | Event 19 | -11/Scrapyard | Discovered new exit (range 15) 252 | -11/Scrapyard | Entered Materials 299 | -10/Materials | Discovered new exit (range 6) 314 | -10/Materials | Build established: Mutant 669 | -10/Materials | Discovered new exit (range 13) 698 | -10/Materials | Core integrity fell below 50% 730 | -10/Materials | Lost 5 parts (1p2n1u1w) 852 | -10/Materials | Derelicts attacked the area 1074 | -10/Materials | Core integrity fell below 20% 1221 | -10/Materials | Discovered new exit (range 8) 1359 | -10/Materials | Discovered new exit (range 9) 1597 | -10/Materials | Identified exit to Mines 1601 | -10/Materials | Discovered new exit (range 8) 1636 | -10/Materials | Discovered new exit (range 8) 1652 | -10/Materials | Entered Subcaves 1783 | -10/Subcaves | Ambushed by Subdwellers from Twisted Machinery 1806 | -10/Subcaves | Ambushed by Subdwellers from Twisted Machinery 1878 | -10/Subcaves | Learned Materials emergency access door positions 1914 | -10/Subcaves | Shifting Twisted Machinery released Sub. Power Source 1980 | -10/Subcaves | Visited 4L-MR0's lab 1996 | -10/Subcaves | Found Arachnoskeleton 2049 | -10/Subcaves | Shifting Twisted Machinery released Sub. Power Source 2069 | -10/Subcaves | A swath of the cavern ceiling suddenly collapsed 2162 | -10/Subcaves | A swath of the cavern ceiling suddenly collapsed 2162 | -10/Subcaves | Discovered new exit (range 15) 2185 | -10/Subcaves | Disturbed a concealed Subdweller 2216 | -10/Subcaves | Discovered new exit (range 6) 2259 | -10/Subcaves | Destroyed by Autobeam Turret with Autobeam Last Messages --------------- Found Flamer. Found 42 Matter. Dropped Lgt. Assault Rifle. 11-I56(R) angrily emerges from the Twisted Machinery. Mining Laser destroyed. #INO=KA66ZZE7|4 VVU%LGP7XHA2K Critical hit (Meltdown: +280). Sensor Array destroyed. EXIT=FOUND S-10 Pest destroyed. Acquired 10 matter. Acquired 12 matter. Dropped Flight Unit. Flight Unit fries itself beyond repair. Dropped Flight Unit. Acquired Lgt. Assault Rifle. Acquired 11 matter. Dropped Lgt. Ion Engine. G-34 Mercenary destroyed. Map ----- +----------------------------------------------------+ | ?????????????????????????????????????????????????? | | ?????????????????????????????????????????????????? | | ?????????????????????????????????????????????????? | | ?????????????????????????????????????????????????? | | ?????????????????????????????????????????????????? | | ?????????????????????????????????????????????????? | | ?????????????????????????????????????????????????? | | ?????????????????????????????????????????????????? | | ?????????????????????????????????????????????????? | | ?????????????????????????????????????????????????? | | ?????????????????????????????????????????????????? | | ?????????????????????????????????????????????????? | | ########????????#######??????????????????????????? | | #########???????################?????????????????? | | ## ####???##### ###########?????????????????? | | ## ###??###### ## ##?????????????????? | | ##??### ###?????????????????? | | ##??## ##??????????????????? | | # ###### ##??????????????????? | | # ####### ##### ##??????????????????? | | < ## ## ###### ###?????????????????? | | ##### ###?????????????????? | | # ### #### ##?????????????????? | | # ##### ## %#### ####?????????????????? | | # ########### = ### ######?????????????????? | | ########## ### @####???????????????????? | | ###?????## ## ##?????????????????????? | | ## ###???? # # ##?????????????????????? | | ## ##???? ###?????????????????????? | | ## ###????? ###?????????????????????? | | ## ###????? ## #??????????????????????? | | ## ####????? ###### ???????????????????????? | | ###### #???? ? ###### ???????????????????????? | | ######???????? ????## ??????????????????????? | | ?????????????? ????## ## ??????????????????????? | | ?????????????? ????## ###??????????????????????? | | ???????????????????## ?????????????????????????? | | ??????????????????? ?????????????????????????? | | ???????????????????? ?????????????????????????? | | ????????????????????? ??????????????????????????? | | ?????????????????????????????????????????????????? | | ?????????????????????????????????????????????????? | | ?????????????????????????????????????????????????? | | ?????????????????????????????????????????????????? | | ?????????????????????????????????????????????????? | | ?????????????????????????????????????????????????? | | ?????????????????????????????????????????????????? | | ?????????????????????????????????????????????????? | | ???????????????????????????????????####?########## | | #?????????????????????????????????################ | +----------------------------------------------------+ Best States ------------- Heat Dissipation 25 Energy Generation 14 Energy Capacity 250 Matter Stores 300 Matter Capacity 300 Sight Range 16 Robot Scan Range 14 Terrain Scan Range 16 Terrain Scan Density 10 Evasion (%) 62 Recoil Reduction 2 Item Schematics ----------------- None Robot Schematics ------------------ None Fabricated ------------ Nothing Repaired ---------- Nothing Alien Tech Used ----------------- None Achievements -------------- None Challenges ------------ None Game ------ Seed CoreAngularBlaster Manual? 0 Play Time 00:23:03 Cumulative 71.5 hours Start 2025.05.10 @ 23:01:33 End 2025.05.10 @ 23:44:45 Sessions 2 Manual Loads 0 Difficulty Rogue Special Mode None Game No. 69 Rogue 69 Adventurer 0 Explorer 0 Win Type - Total 1 Types 1/0/0/0/0/0/0/0/0/0 Lore% 44 Gallery% 46 Achievement% 42 Wizard Run 0 Options --------- Layout 1 ASCII 0 Keyboard 1 Movement Numpad Keybinds 0 Fullscreen 1 Font 32/SmallcapsGlow Map View 50x35 Zoom Use 0% Tactical HUD 0 Map Filters NONE Filters NONE Steam 1 RUN: ea34d114-78e0-49b7-bf06-0383757bbfb0